[ AOE2 MATCH · #504847082 ]
UnrankedSlavs vs Maya
Player's team · WIN
Rival team · LOSS
[ REPLAY ANALYSIS · EXTRACTED FROM THE RECORDED GAME ]
Feudal
9:45
Castle
21:20
Imperial
—
| APM avg | 79.0 |
| APM peak | 131 |
| eAPM avg | 34.4 |
| Villagers / military | 147 / 46 |
Focus
⚔️ 29.0% · 🌾 71.0%
Militia ×22 · Knight ×10 · Boyar ×6 · Mangonel ×3 · Skirmisher ×3 · Monk ×1
Feudal
10:50
Castle
24:17
Imperial
—
| APM avg | 52.8 |
| APM peak | 85 |
| eAPM avg | 31.1 |
| Villagers / military | 100 / 90 |
Focus
⚔️ 40.6% · 🌾 59.4%
Spearman ×41 · Archer ×31 · Battering Ram ×9 · Fishing Ship ×6 · Eagle Scout ×5 · Monk ×2
Match map
Initial resources + every placement click. Lines = walls · curves = elevation contours. ◆ gold · ⬟ stone · ● berries · ✦ relic · ◌ wall gap
Your base· Open — unwalled flank
URU | KING RICO's base· ✓ Closed at 24:17 · 57t walls · 2 gate(s)
Smoothed initial terrain · ◌ = detected wall gap · hover for details
Inputs per minute
— jsemosoom - - URU | KING RICO
Build order — jsemosoom
First 150 of 365 actions detected
| 0:00 | Create | Villager (Male) |
| 0:00 | Create | Villager (Male) |
| 0:01 | Create | Villager (Male) |
| 0:01 | Build | House |
| 0:02 | Build | House |
| 0:14 | Create | Villager (Male) |
| 1:26 | Create | Villager (Male) |
| 1:46 | Build | Lumber Camp |
| 1:56 | Create | Villager (Male) |
| 2:18 | Create | Villager (Male) |
| 2:37 | Create | Villager (Male) |
| 3:07 | Create | Villager (Male) |
| 3:26 | Build | House |
| 3:36 | Create | Villager (Male) |
| 3:37 | Create | Villager (Male) |
| 3:55 | Build | House |
| 4:10 | Create | Villager (Male) |
| 4:34 | Build | Mill |
| 4:44 | Create | Villager (Male) |
| 5:10 | Create | Villager (Male) |
| 5:11 | Create | Villager (Male) |
| 6:00 | Create | Villager (Male) |
| 6:09 | Build | Barracks |
| 6:35 | Create | Villager (Male) |
| 6:42 | Research | Loom |
| 7:19 | Build | Mill |
| 7:35 | Research | Feudal Age |
| 7:46 | Create | Militia |
| 8:02 | Create | Militia |
| 8:11 | Build | Mining Camp |
| 8:29 | Create | Militia |
| 8:31 | Create | Villager (Male) |
| 9:33 | Build | Mining Camp |
| 9:45 | Age | Feudal Age |
| 9:47 | Research | Man-at-Arms (upgrade) |
| 9:51 | Create | Villager (Male) |
| 10:13 | Build | Watch Tower |
| 10:17 | Research | Double-Bit Axe |
| 10:19 | Create | Villager (Male) |
| 10:31 | Build | House |
| 10:46 | Create | Villager (Male) |
| 11:01 | Create | Villager (Male) |
| 11:03 | Build | Farm |
| 11:05 | Build | Farm |
| 11:26 | Build | Farm |
| 11:38 | Create | Villager (Male) |
| 11:46 | Build | Farm |
| 12:05 | Build | Watch Tower |
| 12:08 | Create | Villager (Male) |
| 12:19 | Build | Farm |
| 12:22 | Create | Villager (Male) |
| 12:27 | Build | House |
| 12:27 | Build | Palisade Wall |
| 12:28 | Build | House |
| 12:29 | Build | Palisade Wall |
| 12:31 | Build | Palisade Wall |
| 12:32 | Build | Palisade Wall |
| 12:44 | Build | Gate |
| 12:48 | Create | Villager (Male) |
| 13:04 | Create | Villager (Male) |
| 13:11 | Build | Farm |
| 13:29 | Create | Villager (Male) |
| 13:33 | Build | House |
| 13:39 | Create | Villager (Male) |
| 13:55 | Create | Villager (Male) |
| 14:12 | Build | Farm |
| 14:13 | Build | Farm |
| 14:15 | Build | Farm |
| 14:34 | Build | Farm |
| 14:34 | Build | Farm |
| 14:44 | Create | Villager (Male) |
| 15:21 | Create | Villager (Male) |
| 15:29 | Build | Archery Range |
| 15:33 | Build | House |
| 15:33 | Build | Palisade Wall |
| 15:34 | Build | Palisade Wall |
| 15:36 | Build | Palisade Wall |
| 15:41 | Build | Palisade Wall |
| 15:47 | Build | Palisade Wall |
| 15:51 | Build | House |
| 15:52 | Build | Palisade Wall |
| 15:55 | Create | Villager (Male) |
| 16:04 | Build | House |
| 16:09 | Build | Stone Wall |
| 16:15 | Build | Stone Wall |
| 16:19 | Build | Stone Wall |
| 16:24 | Create | Villager (Male) |
| 16:27 | Build | Farm |
| 16:28 | Build | Farm |
| 16:30 | Create | Skirmisher |
| 16:30 | Create | Skirmisher |
| 16:36 | Create | Villager (Male) |
| 16:40 | Build | Farm |
| 16:40 | Build | Farm |
| 17:14 | Create | Villager (Male) |
| 17:15 | Create | Skirmisher |
| 17:28 | Create | Villager (Male) |
| 17:35 | Build | Blacksmith |
| 17:48 | Build | Stone Wall |
| 17:55 | Build | House |
| 18:02 | Create | Villager (Male) |
| 18:04 | Build | House |
| 18:10 | Build | Farm |
| 18:24 | Build | House |
| 18:40 | Research | Castle Age |
| 19:07 | Create | Villager (Male) |
| 19:10 | Build | Stable |
| 19:18 | Research | Horse Collar |
| 19:30 | Research | Scale Barding Armor |
| 19:47 | Build | Farm |
| 20:18 | Create | Villager (Male) |
| 20:31 | Research | Bloodlines |
| 20:31 | Research | Bloodlines |
| 20:37 | Build | Stable |
| 21:05 | Research | Town Watch |
| 21:20 | Age | Castle Age |
| 21:22 | Create | Knight |
| 21:28 | Create | Knight |
| 21:29 | Create | Villager (Male) |
| 21:32 | Create | Knight |
| 21:36 | Build | Farm |
| 21:54 | Create | Villager (Male) |
| 21:55 | Create | Knight |
| 22:15 | Research | Forging |
| 22:15 | Research | Forging |
| 22:19 | Create | Knight |
| 22:25 | Create | Villager (Male) |
| 22:34 | Build | Market |
| 22:49 | Create | Knight |
| 22:52 | Create | Villager (Male) |
| 23:15 | Create | Knight |
| 23:24 | Create | Villager (Male) |
| 23:32 | Create | Villager (Male) |
| 23:43 | Create | Villager (Male) |
| 23:46 | Build | House |
| 23:47 | Build | Palisade Wall |
| 23:53 | Create | Knight |
| 24:01 | Create | Villager (Male) |
| 24:10 | Create | Knight |
| 24:20 | Build | Farm |
| 24:29 | Create | Villager (Male) |
| 24:40 | Build | Castle |
| 24:43 | Create | Villager (Male) |
| 24:58 | Create | Knight |
| 25:20 | Create | Villager (Male) |
| 25:27 | Build | Lumber Camp |
| 25:32 | Build | Siege Workshop |
| 25:32 | Create | Villager (Male) |
| 25:39 | Build | Stone Wall |
| 25:54 | Create | Boyar |
Build order — URU | KING RICO
First 150 of 358 actions detected
| 0:00 | Research | Loom |
| 0:08 | Build | House |
| 0:10 | Build | House |
| 0:19 | Create | Villager (Male) |
| 0:19 | Create | Villager (Male) |
| 0:27 | Create | Villager (Male) |
| 0:27 | Create | Villager (Male) |
| 1:32 | Create | Villager (Male) |
| 1:32 | Create | Villager (Male) |
| 2:02 | Create | Villager (Male) |
| 2:03 | Create | Villager (Male) |
| 2:12 | Create | Villager (Male) |
| 2:12 | Create | Villager (Male) |
| 2:47 | Create | Villager (Male) |
| 2:47 | Create | Villager (Male) |
| 2:48 | Create | Villager (Male) |
| 2:48 | Create | Villager (Male) |
| 3:09 | Build | Lumber Camp |
| 3:18 | Create | Villager (Male) |
| 3:19 | Create | Villager (Male) |
| 3:19 | Create | Villager (Male) |
| 3:40 | Create | Villager (Male) |
| 3:40 | Create | Villager (Male) |
| 3:54 | Build | House |
| 4:01 | Create | Villager (Male) |
| 4:01 | Create | Villager (Male) |
| 4:01 | Create | Villager (Male) |
| 4:35 | Create | Villager (Male) |
| 4:36 | Create | Villager (Male) |
| 4:54 | Build | Dock |
| 5:00 | Create | Villager (Male) |
| 5:00 | Create | Villager (Male) |
| 5:14 | Create | Villager (Male) |
| 5:14 | Create | Villager (Male) |
| 5:27 | Create | Villager (Male) |
| 5:27 | Create | Villager (Male) |
| 5:38 | Build | Palisade Wall |
| 5:56 | Build | Mining Camp |
| 6:08 | Create | Fishing Ship |
| 6:08 | Create | Fishing Ship |
| 6:29 | Build | House |
| 6:38 | Build | House |
| 6:39 | Create | Villager (Male) |
| 7:09 | Create | Fishing Ship |
| 7:09 | Create | Fishing Ship |
| 7:14 | Create | Villager (Male) |
| 7:22 | Build | Palisade Wall |
| 7:24 | Build | Palisade Wall |
| 7:25 | Build | Palisade Wall |
| 7:37 | Create | Villager (Male) |
| 7:42 | Build | Palisade Wall |
| 7:43 | Build | Palisade Wall |
| 7:48 | Build | Palisade Wall |
| 7:49 | Build | Palisade Wall |
| 7:50 | Build | Palisade Wall |
| 7:51 | Build | Palisade Wall |
| 7:52 | Build | Palisade Wall |
| 8:08 | Create | Villager (Male) |
| 8:09 | Create | Fishing Ship |
| 8:40 | Research | Feudal Age |
| 8:40 | Research | Feudal Age |
| 8:40 | Research | Feudal Age |
| 8:45 | Build | Mill |
| 9:36 | Create | Villager (Male) |
| 9:44 | Build | Palisade Wall |
| 9:45 | Build | Palisade Wall |
| 9:47 | Build | Palisade Wall |
| 10:02 | Build | House |
| 10:03 | Build | House |
| 10:04 | Build | House |
| 10:12 | Build | Barracks |
| 10:21 | Build | Palisade Wall |
| 10:23 | Build | Palisade Wall |
| 10:35 | Build | Palisade Wall |
| 10:50 | Age | Feudal Age |
| 11:07 | Build | Palisade Wall |
| 11:10 | Build | Archery Range |
| 11:12 | Create | Villager (Male) |
| 11:17 | Create | Villager (Male) |
| 11:32 | Research | Double-Bit Axe |
| 11:34 | Create | Villager (Male) |
| 11:38 | Create | Eagle Scout |
| 11:48 | Build | House |
| 11:51 | Build | House |
| 11:53 | Create | Archer |
| 11:54 | Create | Archer |
| 11:55 | Create | Villager (Male) |
| 12:10 | Build | Palisade Gate |
| 12:18 | Build | Watch Tower |
| 12:23 | Create | Eagle Scout |
| 12:26 | Build | Mill |
| 12:45 | Build | House |
| 12:46 | Create | Villager (Male) |
| 13:31 | Create | Villager (Male) |
| 13:36 | Build | Lumber Camp |
| 13:37 | Create | Villager (Male) |
| 13:43 | Build | Palisade Wall |
| 13:55 | Create | Villager (Male) |
| 14:08 | Build | Palisade Wall |
| 14:12 | Create | Archer |
| 14:26 | Build | Palisade Wall |
| 14:27 | Build | Palisade Wall |
| 14:38 | Build | House |
| 14:46 | Create | Archer |
| 14:51 | Build | Palisade Gate |
| 14:54 | Build | Palisade Wall |
| 14:57 | Build | Palisade Wall |
| 15:23 | Create | Villager (Male) |
| 15:27 | Build | Farm |
| 15:28 | Build | Farm |
| 15:28 | Build | Farm |
| 15:29 | Build | Farm |
| 15:32 | Build | Farm |
| 15:34 | Create | Villager (Male) |
| 15:35 | Create | Archer |
| 15:42 | Build | Fish Trap |
| 15:44 | Build | Fish Trap |
| 15:48 | Build | Fish Trap |
| 16:07 | Create | Archer |
| 16:10 | Build | Blacksmith |
| 16:34 | Create | Archer |
| 16:35 | Create | Villager (Male) |
| 16:45 | Build | House |
| 16:54 | Build | Farm |
| 17:10 | Research | Fletching |
| 17:20 | Build | Farm |
| 17:25 | Build | Farm |
| 17:31 | Create | Villager (Male) |
| 17:32 | Create | Archer |
| 17:35 | Build | Archery Range |
| 17:53 | Create | Archer |
| 17:55 | Create | Eagle Scout |
| 17:58 | Create | Villager (Male) |
| 17:59 | Create | Villager (Male) |
| 18:01 | Build | Farm |
| 18:02 | Create | Fishing Ship |
| 18:09 | Build | Palisade Wall |
| 18:14 | Build | House |
| 18:19 | Create | Archer |
| 18:21 | Create | Villager (Male) |
| 18:24 | Build | Farm |
| 18:29 | Research | Horse Collar |
| 18:33 | Create | Archer |
| 18:33 | Create | Archer |
| 18:36 | Create | Villager (Male) |
| 18:40 | Create | Villager (Male) |
| 18:46 | Create | Eagle Scout |
| 18:53 | Build | Fish Trap |
| 19:15 | Build | Farm |
| 19:19 | Research | Tech 906 |
Match timeline
| 4:54 | URU | KING RICO · first_building Dock |
| 5:38 | URU | KING RICO · wall_segment Palisade Wall x7 |
| 6:09 | jsemosoom · first_building Barracks |
| 7:22 | URU | KING RICO · wall_segment Palisade Wall x1 |
| 7:24 | URU | KING RICO · wall_segment Palisade Wall x4 |
| 7:25 | URU | KING RICO · wall_segment Palisade Wall x1 |
| 7:42 | URU | KING RICO · wall_segment Palisade Wall x1 |
| 7:43 | URU | KING RICO · wall_segment Palisade Wall x1 |
| 7:48 | URU | KING RICO · wall_segment Palisade Wall x1 |
| 7:49 | URU | KING RICO · wall_segment Palisade Wall x1 |
| 7:50 | URU | KING RICO · wall_segment Palisade Wall x1 |
| 7:51 | URU | KING RICO · wall_segment Palisade Wall x1 |
| 7:52 | URU | KING RICO · wall_segment Palisade Wall x1 |
| 9:44 | URU | KING RICO · wall_segment Palisade Wall x1 |
| 9:45 | jsemosoom · age_up feudal |
| 9:45 | URU | KING RICO · wall_segment Palisade Wall x1 |
| 9:47 | URU | KING RICO · wall_segment Palisade Wall x3 |
| 10:12 | URU | KING RICO · first_building Barracks |
| 10:21 | URU | KING RICO · wall_segment Palisade Wall x1 |
| 10:23 | URU | KING RICO · wall_segment Palisade Wall x1 |
| 10:35 | URU | KING RICO · wall_segment Palisade Wall x1 |
| 10:50 | URU | KING RICO · age_up feudal |
| 11:07 | URU | KING RICO · wall_segment Palisade Wall x1 |
| 11:10 | URU | KING RICO · first_building Archery Range |
| 12:27 | jsemosoom · wall_segment Palisade Wall x1 |
| 12:29 | jsemosoom · wall_segment Palisade Wall x1 |
| 12:31 | jsemosoom · wall_segment Palisade Wall x3 |
| 12:32 | jsemosoom · wall_segment Palisade Wall x5 |
| 13:43 | URU | KING RICO · wall_segment Palisade Wall x1 |
| 14:08 | URU | KING RICO · wall_segment Palisade Wall x1 |
| 14:26 | URU | KING RICO · wall_segment Palisade Wall x1 |
| 14:27 | URU | KING RICO · wall_segment Palisade Wall x2 |
| 14:54 | URU | KING RICO · wall_segment Palisade Wall x1 |
| 14:57 | URU | KING RICO · wall_segment Palisade Wall x1 |
| 15:29 | jsemosoom · first_building Archery Range |
| 15:33 | jsemosoom · wall_segment Palisade Wall x1 |
| 15:34 | jsemosoom · wall_segment Palisade Wall x2 |
| 15:36 | jsemosoom · wall_segment Palisade Wall x6 |
| 15:41 | jsemosoom · wall_segment Palisade Wall x6 |
| 15:47 | jsemosoom · wall_segment Palisade Wall x4 |
| 15:52 | jsemosoom · wall_segment Palisade Wall x2 |
| 16:09 | jsemosoom · wall_segment Stone Wall x1 |
| 16:15 | jsemosoom · wall_segment Stone Wall x1 |
| 16:19 | jsemosoom · wall_segment Stone Wall x1 |
| 17:48 | jsemosoom · wall_segment Stone Wall x1 |
| 18:09 | URU | KING RICO · wall_segment Palisade Wall x1 |
| 19:10 | jsemosoom · first_building Stable |
| 21:10 | URU | KING RICO · wall_segment Palisade Wall x5 |
| 21:20 | jsemosoom · age_up castle |
| 21:35 | URU | KING RICO · first_market_buy 100 food |
| 21:57 | URU | KING RICO · wall_segment Palisade Wall x1 |
| 22:00 | URU | KING RICO · wall_segment Palisade Wall x9 |
| 22:20 | URU | KING RICO · wall_segment Palisade Wall x1 |
| 22:21 | URU | KING RICO · wall_segment Palisade Wall x3 |
| 23:45 | URU | KING RICO · wall_segment Stone Wall x1 |
| 23:47 | jsemosoom · wall_segment Palisade Wall x1 |
| 23:49 | URU | KING RICO · wall_segment Stone Wall x1 |
| 24:00 | URU | KING RICO · wall_segment Stone Wall x1 |
| 24:17 | URU | KING RICO · age_up castle |
| 24:25 | URU | KING RICO · first_market_sell 100 wood |
| 24:34 | jsemosoom · first_market_sell 100 wood |
| 24:35 | jsemosoom · first_market_buy 100 stone |
| 24:40 | jsemosoom · first_building Castle |
| 25:06 | URU | KING RICO · first_building Siege Workshop |
| 25:19 | URU | KING RICO · first_building Monastery |
| 25:32 | jsemosoom · first_building Siege Workshop |
| 25:39 | jsemosoom · wall_segment Stone Wall x8 |
| 26:04 | URU | KING RICO · wall_segment Stone Wall x1 |
| 26:06 | URU | KING RICO · wall_segment Stone Wall x1 |
| 26:13 | URU | KING RICO · wall_segment Stone Wall x1 |
| 26:14 | URU | KING RICO · wall_segment Stone Wall x1 |
| 26:16 | URU | KING RICO · wall_segment Stone Wall x1 |
| 26:17 | URU | KING RICO · wall_segment Stone Wall x1 |
| 26:19 | URU | KING RICO · wall_segment Stone Wall x1 |
| 26:29 | URU | KING RICO · wall_segment Stone Wall x1 |
| 26:32 | URU | KING RICO · wall_segment Stone Wall x1 |
| 26:35 | URU | KING RICO · wall_segment Stone Wall x1 |
| 26:39 | URU | KING RICO · wall_segment Stone Wall x1 |
| 29:19 | jsemosoom · first_building Monastery |
| 32:24 | URU | KING RICO · wall_segment Stone Wall x1 |
| 37:16 | URU | KING RICO · first_building Castle |
| 37:48 | URU | KING RICO · wall_segment Stone Wall x1 |
| 38:04 | URU | KING RICO · resign |
[ AI ANALYSIS · 1 CREDIT ]
What really happened in this match?
Wolo.gg analyzes every decision: build order, eco, micro, common mistakes by bracket. Personalized analysis on WhatsApp or Discord in 30 seconds.
Civ guide
Slavs
Perfil
Jugador #2388792